 Dungeon Crawl Stone Soup version 0.31-a0-968-g24f9ace8b5 (webtiles) character file.

Game seed: 9821391539904504464

19 Shayle the Ducker (level 2, 0/16 HPs)
             Began as a Tengu Hexslinger on Oct 27, 2023.
             Slain by a kobold
             ... wielding a +0 short sword
              (2 damage)
             ... on level 1 of the Dungeon.
             The game lasted 00:00:26 (341 turns).

Shayle the Ducker (Tengu Hexslinger)                 Turns: 341, Time: 00:00:27

Health: 0/16       AC:  2    Str:  8    XL:     2   Next: 75%
Magic:  4/4        EV: 13    Int: 13    God:
Gold:   0          SH:  0    Dex: 16    Spells: 3/3 levels left

rFire   . . .        a - +1 sling
rCold   . . .        (no shield)
rNeg    . . .        c - +0 robe
rPois   .            (helmet restricted)
rElec   .            (no cloak)
rCorr   .            (no gloves)
SInv    .            (boots unavailable)
Will    .....        (no amulet)
Stlth   +            (no ring)
HPRegen 0.22/turn    (no ring)
MPRegen 0.09/turn

%: acrobat
@: no status effects
A: beak, talons 3, acrobatic
a: no special abilities


You were on level 1 of the Dungeon.
You visited 1 branch of the dungeon, and saw 1 of its levels.

Inventory:

Hand Weapons
 a - a +1 sling (weapon)
Armour
 c - a +0 robe (worn)
Scrolls
 b - a scroll of poison
 d - a scroll of identify {unknown}
 e - a scroll of amnesia {unknown}


   Skills:
 - Level 1.0 Fighting
 - Level 2.1 Ranged Weapons
 + Level 3.5 Dodging
 - Level 1.0 Spellcasting
 - Level 2.1 Hexes
 - Level 1.1 Fire Magic


You had 3 spell levels left.
You didn't know any spells.
Your spell library contained the following spells:

 Spells                   Type           Power      Damage    Failure   Level
 Jinxbite                 Hex            12%        N/A       17%         2
 Sigil of Binding         Hex            6%         N/A       34%         3
 Inner Flame              Hex/Fire       4%         N/A       41%         3
 Cause Fear               Hex            3%         N/A       75%         4
 Dimensional Bullseye     Hex/Tloc       1%         N/A       87%         4


Dungeon Overview and Level Annotations

Branches:
Dungeon (1/15)

Altars:


Innate Abilities, Weirdness & Mutations

You have a beak for a mouth.
You have claws for feet.
You can magically evade attacks while moving or waiting.


Message History

An endoplasm comes into view.
You shoot a sling bullet. The sling bullet hits the quokka.
You kill the quokka!
You shoot a sling bullet.
The sling bullet hits the jackal but does no damage.
The jackal barely misses you. x2; The kobold barely misses you.
You shoot a sling bullet. The sling bullet misses the jackal.
The sling bullet hits the kobold but does no damage.
The jackal closely misses you. The jackal bites you.
The kobold barely misses you.
You shoot a sling bullet. The sling bullet hits the jackal.
The jackal is moderately wounded.
The jackal barely misses you. The kobold closely misses you.
The jackal barely misses you.
You shoot a sling bullet.
The sling bullet closely misses the jackal.
The sling bullet hits the kobold.
You kill the kobold!
The jackal bites you. The kobold barely misses you. The jackal bites you.
The kobold barely misses you.
You shoot a sling bullet. The sling bullet hits the jackal.
The jackal is heavily wounded.
The jackal closely misses you.
The kobold hits you with a +0 short sword.
You shoot a sling bullet.
The sling bullet completely misses the kobold.
The jackal barely misses you. x2; The kobold barely misses you.
You shoot a sling bullet.
The sling bullet closely misses the kobold.
The jackal closely misses you.
The kobold hits you with a +0 short sword.
The jackal bites you.
You shoot a sling bullet.
The sling bullet completely misses the kobold.
The jackal bites you.
The kobold hits you with a +0 short sword.
* * * LOW HITPOINT WARNING * * *
The jackal barely misses you.
The kobold hits you with a +0 short sword.
You die...

#....#....###.##
#....'........).
#....#.##.###.##
##.###..........
#...###.)....#. .
###...###.#....#. ...
#............#.#.
##...########.#...##.#...#.##
..........Jh@.......)..>.#.#
.....#....###K###.##.....#.##
... ###..........#####.#....
. #.......####.....#####
#.......## #.###.#####
#........# #.#......†#
#........###.#.#.###.#
#..............#.# #.#
#..............#.# #.#


You could see an endoplasm, a jackal and a kobold.

Vanquished Creatures
  A giant cockroach (D:1)
  A hobgoblin (D:1)
  2 jackals (D:1)
  3 kobolds (D:1)
  3 quokkas (D:1)
  A bat (D:1)
  4 goblins (D:1)
  2 rats (D:1)
17 creatures vanquished.

Notes
Turn   | Place    | Note
-------+----------+-------------------------------------------
     0 | D:1      | Shayle the Tengu Hexslinger began the quest for the Orb.
     0 | D:1      | Reached XP level 1. HP: 12/12 MP: 3/3
    83 | D:1      | Reached skill level 3 in Dodging
    83 | D:1      | Reached XP level 2. HP: 8/16 MP: 4/4
   341 | D:1      | Slain by a kobold

Illustrated notes

Levels and vault maps discovered:
D:1:      heliophobic_arrival_enchanted_forest, layout_basic,
          minmay_pentomino_t4

Skill      XL: |  1 |
---------------+----+-----
Dodging        | 3 |  3.5
Fighting       | |  1.0
Ranged Weapons | |  2.1
Spellcasting   | |  1.0
Hexes          | |  2.1
Fire Magic     | |  1.1

Action                     || total
---------------------------++-------
   Fire: Sling             ||    58
 Armour: Robe              ||    26
  Dodge: Dodged            ||    43

Table legend: (Time is in decaauts)
 A = Elapsed time spent in this place.
 B = Non-inter-level travel time spent in this place.
 C = Inter-level travel time spent in this place.
 D = Time resting spent in this place.
 E = Time spent auto-exploring this place.
 F = Levels seen in this place.
 G = Mean time per level.
                   A        B        C        D        E       F      G
               +--------+--------+--------+--------+--------+-----+--------+
         Total |    357 |    357 |      0 |      0 |    259 |   1 |  357.0 |
       Dungeon |    357 |    357 |      0 |      0 |    259 |   1 |  357.0 |
               +--------+--------+--------+--------+--------+-----+--------+

Top non-repeatable levels by time:
     D:1: 357 daAuts
